AoeStats
← LM | TornardoBriese

Arena

509566719Analyzed
1v1 RM · 4d ago on Sep 27, 2026· 53m 16s· 2 players
Game mode
Random Map
Map size
Tiny (2 player)
Population
200
Speed
Normal
Resources
Standard
Victory
Conquest
Starting age
Dark Age
Ending age
Imperial Age
RankedLock teamsTeams togetherTeam positionsShared explorationLock speedFull tech treeHidden civsTurbo modeCheats
Victory
Defeat
🇨🇳 Muisca · China
1177
+15
🇨🇭 Danes · Switzerland
1163
-15
LM | TornardoBriese
11:25 Feudal Age
12:47 Double-Bit Axe
15:16 Castle Age
16:52 Bow Saw
16:59 Horse Collar
19:47 Wheelbarrow
20:28 Town Watch
23:26 Loom
24:12 Scale Mail Armor
24:28 Heavy Plow
25:43 Chain Mail Armor
28:10 Forging
31:54 Imperial Age
30:54 Iron Casting
30:30 Hamask
30:35 Man-at-Arms
31:01 Gambesons
31:17 Squires
31:36 Long Swordsman
32:40 Hand Cart
33:09 Plate Mail Armor
33:40 Blast Furnace
33:06 Conscription
33:19 Two-Handed Swordsman
34:11 Champion
35:12 Arson
36:25 Fletching
37:36 Bodkin Arrow
37:09 Onager
38:16 Padded Archer Armor
38:47 Ballistics
39:28 Chemistry
38:59 Thumb Ring
39:37 Leather Archer Armor
39:34 Heavy Mounted Crossbowman
40:15 Cranequins
45:43 Bracer
46:23 Elite Skirmisher
49:04 Ring Archer Armor
50:01 Masonry
49:56 Siege Engineers
大农场主
9:21 Feudal Age
13:08 Castle Age
11:52 Double-Bit Axe
12:38 Horse Collar
15:27 Loom
18:02 Bow Saw
20:54 Heavy Plow
22:11 Stone Mining
24:49 Wheelbarrow
28:36 Imperial Age
25:54 Champi Runner
26:35 Squires
26:37 Fletching
26:48 Padded Archer Armor
27:48 Bodkin Arrow
27:54 Padded Archer Armor
28:16 Ballistics
28:55 Scale Mail Armor
29:32 Thumb Ring
32:12 Gold Mining
33:22 Two-Man Saw
32:59 Stone Shaft Mining
34:32 Gold Shaft Mining
34:30 Crop Rotation
34:00 Champi Warrior
35:35 Forging
36:43 Chemistry
37:01 Bracer
37:22 Leather Archer Armor
39:09 Chain Mail Armor
39:29 Iron Casting
38:35 Elite Guecha Warrior
39:52 Elite Champi Warrior
41:58 Plate Mail Armor
47:27 Conscription
47:42 Hand Cart
47:48 Huaracas
50:32 Herbalism
51:53 Hoardings
Connection lost

Rejoining the realm…

Still unreachable

The connection could not be restored.

Session expired

The server has moved on; the page needs a fresh start.